Devils vs Senators
Created - Saturday, March 1, 2025 at 00:02
Goals
|
Devils |
0 |
1 |
0 |
1 |
Senators |
1 |
0 |
2 |
3 |
|
Shots
|
Devils |
9 |
6 |
8 |
23 |
Senators |
15 |
7 |
9 |
31 |
|
1st period
1. Senators , Cameron Hebig 13 (Peter Abbandonato 28) at 14:09 (PP)
Penalties :
Mathieu Olivier (BEL) for Holding (Minor) at 0:09, Sebastian AhoD (BIN) for Hooking (Minor) at 0:09, Dakota Mermis (BEL) for Tripping (Minor) at 1:33, Joel Blomqvist (BIN) for Slashing (Minor) at 13:11 - Alex Limoges served the penalty.
2nd period
2. Devils , Nick DeSimone 5 (Jakob Pelletier 32, Kale Clague 13) at 9:02
Penalties :
Adam Erne (BIN) for High sticking (Minor) at 2:07, Mathieu Olivier (BEL) for Fighting (Major) at 6:18, Zach Aston-Reese (BIN) for Fighting (Major) at 6:18, Dakota Mermis (BEL) for Delaying the game (Minor) at 9:07, Logan Day (BEL) for Roughing (Minor) at 9:29, Mathieu Olivier (BEL) for Cross-checking (Minor) at 11:35
3rd period
3. Senators , Gerry Mayhew 26 (Riley Stillman 13, Seth Griffith 46) at 11:32
4. Senators , Mathieu Olivier 20 (Seth Griffith 47) at 18:48
Penalties :
William Villeneuve (BEL) for Cross-checking (Minor) at 0:51, Zach Aston-Reese (BIN) for High sticking (Minor) at 3:04, Dakota Mermis (BEL) for Delaying the game (Minor) at 6:42, Mathieu Olivier (BEL) for Fighting (Major) at 10:59, Matt Luff (BIN) for Fighting (Major) at 10:59, Connor Carrick (BIN) for Delaying the game (Minor) at 14:04, Roland McKeown (BEL) for Slashing (Minor) at 16:20
Goalie Stats
Joel Blomqvist (BIN), 28 saves from 31 shots - (0.903), L, 35-21-3, 60:00 minutes
Alexei Kolosov (BEL), 22 saves from 23 shots - (0.957), W, 33-15-3, 60:00 minutes
Players Stats for Devils
Player Name G A P +/- PIM S H SB GA TA FO MP PP MP PK MP
------------------------------------------------------------------------------------
Adam Erne 0 0 0 -1 2 0 1 0 0 0 1/2 15:58 4:42 1:23
Alex Limoges 0 0 0 0 0 3 3 0 0 0 17/28 21:16 6:14 1:46
Arshdeep Bains 0 0 0 0 0 2 4 0 0 0 0/2 23:08 6:14 3:02
Bobby Brink 0 0 0 0 0 0 0 0 0 0 0/0 13:12 1:07 0:00
Calen Addison 0 0 0 0 0 2 2 1 0 0 0/0 22:56 5:37 3:11
Christian Wolanin 0 0 0 -1 0 1 1 2 0 0 0/0 22:21 4:46 3:44
Cole Schwindt 0 0 0 -1 0 2 0 0 0 0 4/13 17:38 5:41 2:51
Connor Carrick 0 0 0 -1 2 0 0 2 0 0 0/0 22:01 5:36 2:35
Jakob Pelletier 0 1 1 1 0 5 0 0 0 0 0/1 13:38 4:42 0:00
Jimmy Huntington 0 0 0 -1 0 0 0 0 0 0 1/7 9:29 0:00 0:00
Kale Clague 0 1 1 0 0 1 2 2 0 0 0/0 14:21 0:17 0:28
Mark Kastelic 0 0 0 1 0 3 0 0 0 0 17/22 18:06 4:08 4:14
Matt Luff 0 0 0 -1 5 0 0 2 0 0 0/0 16:19 0:00 0:00
Nathan Smith 0 0 0 0 0 0 0 0 0 0 0/1 1:08 0:34 0:34
Nick DeSimone 1 0 1 0 0 1 0 0 0 0 0/0 15:54 1:26 0:04
Sebastian AhoD 0 0 0 0 2 1 0 0 0 0 0/0 22:25 5:18 3:48
William Lockwood 0 0 0 0 0 0 0 0 0 0 0/0 4:54 1:08 0:00
Zach Aston-Reese 0 0 0 -1 7 2 0 0 0 0 0/1 16:16 0:00 0:00
Players Stats for Senators
Player Name G A P +/- PIM S H SB GA TA FO MP PP MP PK MP
------------------------------------------------------------------------------------
Cal O'Reilly 0 0 0 -1 0 0 0 0 0 0 7/12 12:56 0:00 3:47
Cameron Hebig 1 0 1 2 0 1 0 0 0 0 0/0 14:02 2:39 0:34
Dakota Mermis 0 0 0 0 6 1 2 0 0 0 0/0 19:44 4:16 1:26
Gerry Mayhew 1 0 1 1 0 2 3 0 0 0 0/2 16:46 3:41 0:00
Givani Smith 0 0 0 0 0 3 4 0 0 0 0/0 13:09 2:39 0:00
Graeme Clarke 0 0 0 0 0 6 0 1 0 0 6/10 16:29 4:16 1:19
Greg McKegg 0 0 0 0 0 0 1 0 0 0 3/10 18:43 1:36 6:59
Jon Merrill 0 0 0 0 0 1 3 2 0 0 0/0 18:57 2:29 2:20
Logan Day 0 0 0 -1 2 1 3 1 0 0 0/0 18:08 0:00 5:25
Mathieu Olivier 1 0 1 1 14 3 4 1 0 0 0/0 15:40 2:40 4:48
Milan Lucic 0 0 0 -1 0 2 1 0 0 0 0/0 12:14 0:35 2:30
Peter Abbandonato 0 1 1 0 0 3 1 0 0 0 6/16 13:09 2:39 0:00
Riley Stillman 0 1 1 1 0 1 0 0 0 0 0/0 19:00 0:00 5:32
Roland McKeown 0 0 0 1 2 1 0 1 0 0 0/0 17:45 0:00 4:18
Seth Griffith 0 2 2 2 0 3 1 0 0 0 14/24 15:45 4:16 0:00
Tye Felhaber 0 0 0 0 0 2 0 0 0 0 1/3 14:32 2:39 2:01
Tyler Spezia 0 0 0 -1 0 0 1 0 0 0 0/0 9:09 0:00 0:00
William Villeneuve 0 0 0 1 2 1 1 1 0 0 0/0 18:01 0:10 5:08
3 Stars
1 - Gerry Mayhew (BEL)
2 - Seth Griffith (BEL)
3 - Cameron Hebig (BEL)
Power Play
Devils - 0 on 7 Attempt(s) - 0.00%
Senators - 1 on 4 Attempt(s) - 25.00%
Penalty Kill
Devils - 3 on 4 Attempt(s) - 75.00%
- Score 0 goal in Penalty Kill
Senators - 7 on 7 Attempt(s) - 100.00%
- Score 0 goal in Penalty Kill
Team Stat
Devils - Hits : 13 - Faceoff Wins : 40 - Blocked Shots : 9 - Penalty Minutes : 20
Senators - Hits : 25 - Faceoff Wins : 37 - Blocked Shots : 7 - Penalty Minutes : 26
Official
Referees : Graham Skilliter and Tom Chmielewski
Linesman : Jesse Marquis and Devin Berg
Game Notes
Mathieu Olivier beats up Zach Aston-Reese at 6:18 of 2nd period
Mathieu Olivier and Matt Luff fight to a draw at 10:59 of 3rd period
Finance
Level 1 -- Attendance: 1993 (99.65%) -- Ticket Income $69,755
Level 2 -- Attendance: 1000 (100.00%) -- Ticket Income $15,000
Total Attendance: 2993 (99.77%)
Total Ticket Income: $84,755
Other Income: $41,530
Total Income: $126,285
Devils
5 vs 5 Forward
Center Left Wing Right Wing Time % Phy DF OF
1 Alex Limoges Arshdeep Bains Bobby Brink 25 1 2 2
2 Mark Kastelic Jakob Pelletier Zach Aston-Reese 25 1 2 2
3 Cole Schwindt Matt Luff Adam Erne 25 1 2 2
4 Jimmy Huntington Zach Aston-Reese Matt Luff 25 1 2 2
5 vs 5 Defense
Defense Defense Time % Phy DF OF
1 Calen Addison Sebastian AhoD 25 1 2 2
2 Connor Carrick Christian Wolanin 25 1 2 2
3 Nick DeSimone Kale Clague 25 1 2 2
4 Sebastian AhoD Calen Addison 25 1 2 2
PowerPlay Forward
Center Left Wing Right Wing Time % Phy DF OF
1 Alex Limoges Arshdeep Bains Cole Schwindt 60 1 2 2
2 Mark Kastelic Jakob Pelletier Adam Erne 40 1 2 2
PowerPlay Defense
Defense Defense Time % Phy DF OF
1 Calen Addison Sebastian AhoD 60 1 2 2
2 Connor Carrick Christian Wolanin 40 1 2 2
Penalty Kill 4 Players Forward
Center Wing Time % Phy DF OF
1 Mark Kastelic Adam Erne 60 1 2 2
2 Alex Limoges Arshdeep Bains 40 1 2 2
Penalty Kill 4 Players Defense
Defense Defense Time % Phy DF OF
1 Calen Addison Sebastian AhoD 60 1 2 2
2 Connor Carrick Christian Wolanin 40 1 2 2
Penalty Kill - 3 Players Forward
Forward Time % Phy DF OF
1 Alex Limoges 60 1 2 2
2 Arshdeep Bains 40 1 2 2
Penalty Kill - 3 Players Defense
Defense Defense Time % Phy DF OF
1 Calen Addison Sebastian AhoD 60 1 2 2
2 Connor Carrick Christian Wolanin 40 1 2 2
4 vs 4 Forward
Center Wing Time % Phy DF OF
1 Adam Erne Mark Kastelic 60 1 2 2
2 Alex Limoges Arshdeep Bains 40 1 2 2
4 vs 4 Defense
Defense Defense Time % Phy DF OF
1 Calen Addison Sebastian AhoD 60 1 2 2
2 Connor Carrick Christian Wolanin 40 1 2 2
Last Minutes Offensive
Center Left Wing Right Wing Defense Defense
Alex Limoges Arshdeep Bains Bobby Brink Calen Addison Sebastian AhoD
Last Minutes Defensive
Center Left Wing Right Wing Defense Defense
Alex Limoges Arshdeep Bains Bobby Brink Calen Addison Sebastian AhoD
Goaltenders
Starting : Joel Blomqvist
Backup : Michael DiPietro
Extra Forwards
Normal : William Lockwood, Adam Erne, Cole Schwindt - PP : William Lockwood, Adam Erne - PK : Cole Schwindt
Extra Defensemen
Normal : Nick DeSimone, Kale Clague, Sebastian AhoD - PP : Nick DeSimone - PK : Kale Clague, Calen Addison
Penalty Shots
Cole Schwindt, Adam Erne, Alex Limoges, Arshdeep Bains, Mark Kastelic
Custom OT Lines Forwards
Bobby Brink, William Lockwood, Alex Limoges, Arshdeep Bains, Mark Kastelic, Adam Erne, Matt Luff, Jakob Pelletier, Cole Schwindt, Jimmy Huntington
Custom OT Lines Defensemen
Calen Addison, Sebastian AhoD, Connor Carrick, Christian Wolanin, Nick DeSimone
Scratches
Mitchell Hoelscher (Healthy), Riley Damiani (Healthy), Hardy Haman Aktell (Healthy), Akito Hirose (Healthy), Ondrej Pavel (Healthy)
Ryan McGregor (Healthy), Jagger Joshua (Healthy), Aidan McDonough (Healthy), Greg Meireles (Healthy), Mathias Laferriere (Healthy)
Erik Kallgren (Healthy)
Senators
5 vs 5 Forward
Center Left Wing Right Wing Time % Phy DF OF
1 Seth Griffith Cameron Hebig Mathieu Olivier 30 0 1 4
2 Graeme Clarke Tye Felhaber Gerry Mayhew 27 0 1 4
3 Peter Abbandonato Greg McKegg Givani Smith 24 0 1 4
4 Cal O'Reilly Tyler Spezia Milan Lucic 19 0 1 4
5 vs 5 Defense
Defense Defense Time % Phy DF OF
1 William Villeneuve Dakota Mermis 30 0 4 1
2 Logan Day Jon Merrill 30 0 4 1
3 Roland McKeown Riley Stillman 30 0 4 1
4 William Villeneuve Dakota Mermis 10 0 4 1
PowerPlay Forward
Center Left Wing Right Wing Time % Phy DF OF
1 Seth Griffith Mathieu Olivier Gerry Mayhew 60 0 0 5
2 Peter Abbandonato Tye Felhaber Givani Smith 40 0 0 5
PowerPlay Defense
Defense Defense Time % Phy DF OF
1 Graeme Clarke Dakota Mermis 60 0 1 4
2 Cameron Hebig Jon Merrill 40 0 1 4
Penalty Kill 4 Players Forward
Center Wing Time % Phy DF OF
1 Greg McKegg Mathieu Olivier 60 0 4 1
2 Cal O'Reilly Milan Lucic 40 0 4 1
Penalty Kill 4 Players Defense
Defense Defense Time % Phy DF OF
1 William Villeneuve Logan Day 60 0 5 0
2 Riley Stillman Roland McKeown 40 0 5 0
Penalty Kill - 3 Players Forward
Forward Time % Phy DF OF
1 Greg McKegg 60 0 5 0
2 Cal O'Reilly 40 0 5 0
Penalty Kill - 3 Players Defense
Defense Defense Time % Phy DF OF
1 William Villeneuve Logan Day 60 0 5 0
2 Riley Stillman Roland McKeown 40 0 5 0
4 vs 4 Forward
Center Wing Time % Phy DF OF
1 Seth Griffith Gerry Mayhew 60 0 0 5
2 Peter Abbandonato Givani Smith 40 0 0 5
4 vs 4 Defense
Defense Defense Time % Phy DF OF
1 Graeme Clarke Dakota Mermis 60 0 1 4
2 Cameron Hebig Jon Merrill 40 0 1 4
Last Minutes Offensive
Center Left Wing Right Wing Defense Defense
Seth Griffith Mathieu Olivier Gerry Mayhew Graeme Clarke Dakota Mermis
Last Minutes Defensive
Center Left Wing Right Wing Defense Defense
Cal O'Reilly Greg McKegg Mathieu Olivier Dakota Mermis William Villeneuve
Goaltenders
Starting : Alexei Kolosov
Backup : Pavel Cajan
Extra Forwards
Normal : Seth Griffith, Gerry Mayhew, Graeme Clarke - PP : Seth Griffith, Graeme Clarke - PK : Mathieu Olivier
Extra Defensemen
Normal : Dakota Mermis, Jon Merrill, William Villeneuve - PP : Dakota Mermis - PK : Dakota Mermis, William Villeneuve
Penalty Shots
Gerry Mayhew, Seth Griffith, Graeme Clarke, Cameron Hebig, Mathieu Olivier
Custom OT Lines Forwards
Seth Griffith, Mathieu Olivier, Graeme Clarke, Givani Smith, Gerry Mayhew, Cameron Hebig, Peter Abbandonato, Greg McKegg, Cal O'Reilly, Milan Lucic
Custom OT Lines Defensemen
Dakota Mermis, Jon Merrill, William Villeneuve, Roland McKeown, Riley Stillman
Scratches
Mike Benning (Healthy), Blake Hillman (Healthy), Alex Whelan (Healthy), Zach Jordan (Healthy), Travis Barron (Healthy)
Mark Pysyk (Healthy), Garrett Roe (Healthy), Josh Melnick (Healthy), Nikolas Brouillard (Healthy), Lassi Thomson (Healthy)
% Time on Ice - Devils
Lines # - Real PCT - Wanted PCT - Time Play
Normal Forward
1 - 31% - 25% - 12:05
2 - 23% - 25% - 8:56
3 - 23% - 25% - 9:06
4 - 24% - 25% - 9:29
Normal Defense
1 - 18% - 25% - 7:03
2 - 32% - 25% - 12:40
3 - 34% - 25% - 13:36
4 - 16% - 25% - 6:17
PP Forward
1 - 59% - 60% - 6:48
2 - 41% - 40% - 4:42
PP Defense
1 - 51% - 60% - 5:54
2 - 49% - 40% - 5:36
PK Forward
1 - 82% - 60% - 5:41
2 - 18% - 40% - 1:14
PK Defense
1 - 46% - 60% - 3:10
2 - 54% - 40% - 3:45
PK3 Forward
1 - 0% - 60%
2 - 0% - 40%
PK3 Defense
1 - 0% - 60%
2 - 0% - 40%
44 Forward
1 - 40% - 60% - 0:48
2 - 60% - 40% - 1:11
44 Defense
1 - 40% - 60% - 0:48
2 - 60% - 40% - 1:11
Last Minute Offensive - 0:00
Last Minute Defensive - 0:00
Total
Forward - 60:00
Defense - 60:00
|
% Time on Ice - Senators
Lines # - Real PCT - Wanted PCT - Time Play
Normal Forward
1 - 26% - 30% - 10:27
2 - 25% - 27% - 9:52
3 - 26% - 24% - 10:08
4 - 23% - 19% - 9:09
Normal Defense
1 - 31% - 30% - 12:26
2 - 33% - 30% - 13:04
3 - 34% - 30% - 13:28
4 - 2% - 10% - 0:38
PP Forward
1 - 62% - 60% - 4:16
2 - 38% - 40% - 2:39
PP Defense
1 - 62% - 60% - 4:16
2 - 38% - 40% - 2:39
PK Forward
1 - 75% - 60% - 7:23
2 - 25% - 40% - 2:30
PK Defense
1 - 55% - 60% - 5:28
2 - 45% - 40% - 4:25
PK3 Forward
1 - 54% - 60% - 1:11
2 - 46% - 40% - 1:01
PK3 Defense
1 - 58% - 60% - 1:16
2 - 42% - 40% - 0:56
44 Forward
1 - 74% - 60% - 1:02
2 - 26% - 40% - 0:22
44 Defense
1 - 74% - 60% - 1:02
2 - 26% - 40% - 0:22
Last Minute Offensive - 0:00
Last Minute Defensive - 0:00
Total
Forward - 60:00
Defense - 60:00
|
Play-by-Play
1st period
0:01 of 1st period - Alex Limoges wins face-off versus Seth Griffith in neutral zone.
0:06 of 1st period - Dakota Mermis is hit by Arshdeep Bains.
0:09 of 1st period - Minor Penalty to Mathieu Olivier for Holding.
0:09 of 1st period - Minor Penalty to Sebastian AhoD for Hooking.
0:10 of 1st period - Seth Griffith wins face-off versus Adam Erne in Devils zone.
0:17 of 1st period - Shot by Seth Griffith.
0:17 of 1st period - Shot Misses the Net.
0:19 of 1st period - Shot by Dakota Mermis.
0:19 of 1st period - Stopped by Joel Blomqvist without a rebound.
0:20 of 1st period - Alex Limoges wins face-off versus Peter Abbandonato in Devils zone.
0:20 of 1st period - Alex Limoges is hit by Givani Smith.
0:36 of 1st period - Shot by Christian Wolanin.
0:36 of 1st period - Shot Blocked by Jon Merrill.
0:41 of 1st period - Off-side.
0:42 of 1st period - Adam Erne wins face-off versus Seth Griffith in neutral zone.
1:33 of 1st period - Minor Penalty to Dakota Mermis for Tripping.
1:34 of 1st period - Alex Limoges wins face-off versus Greg McKegg in Senators zone.
1:35 of 1st period - Shot by Arshdeep Bains.
1:35 of 1st period - Shot Misses the Net.
1:37 of 1st period - Shot by Arshdeep Bains.
1:37 of 1st period - Shot Misses the Net.
1:39 of 1st period - Shot by Alex Limoges.
1:39 of 1st period - Stopped by Alexei Kolosov with a rebound.
2:23 of 1st period - Shot by Sebastian AhoD.
2:23 of 1st period - Shot Misses the Net.
2:25 of 1st period - Shot by Calen Addison.
2:25 of 1st period - Stopped by Alexei Kolosov without a rebound.
2:26 of 1st period - Cal O'Reilly wins face-off versus Cole Schwindt in Senators zone.
2:26 of 1st period - Cal O'Reilly is hit by Arshdeep Bains.
3:19 of 1st period - Shot by Jakob Pelletier.
3:19 of 1st period - Stopped by Alexei Kolosov with a rebound.
3:47 of 1st period - Shot by Zach Aston-Reese.
3:47 of 1st period - Stopped by Alexei Kolosov without a rebound.
3:48 of 1st period - Cal O'Reilly wins face-off versus Jimmy Huntington in Senators zone.
3:52 of 1st period - Off-side.
3:53 of 1st period - Jimmy Huntington wins face-off versus Graeme Clarke in neutral zone.
4:12 of 1st period - Shot by Graeme Clarke.
4:12 of 1st period - Shot Misses the Net.
4:24 of 1st period - Shot by Matt Luff.
4:24 of 1st period - Shot Blocked by Graeme Clarke.
4:26 of 1st period - Shot by Zach Aston-Reese.
4:26 of 1st period - Shot Misses the Net.
4:48 of 1st period - Shot by Milan Lucic.
4:48 of 1st period - Stopped by Joel Blomqvist without a rebound.
4:49 of 1st period - Mark Kastelic wins face-off versus Seth Griffith in Devils zone.
4:55 of 1st period - Mark Kastelic is hit by Jon Merrill and loses puck.
5:14 of 1st period - Shot by Cameron Hebig.
5:14 of 1st period - Shot Misses the Net.
5:16 of 1st period - Shot by Jon Merrill.
5:16 of 1st period - Stopped by Joel Blomqvist without a rebound.
5:17 of 1st period - Peter Abbandonato wins face-off versus Alex Limoges in Devils zone.
5:50 of 1st period - Shot by Dakota Mermis.
5:50 of 1st period - Shot Blocked by Calen Addison.
6:18 of 1st period - Shot by Christian Wolanin.
6:18 of 1st period - Stopped by Alexei Kolosov without a rebound.
6:19 of 1st period - Seth Griffith wins face-off versus Mark Kastelic in Senators zone.
6:32 of 1st period - Shot by Seth Griffith.
6:32 of 1st period - Stopped by Joel Blomqvist without a rebound.
6:33 of 1st period - Graeme Clarke wins face-off versus Cole Schwindt in Devils zone.
6:34 of 1st period - Shot by Tye Felhaber.
6:34 of 1st period - Stopped by Joel Blomqvist without a rebound.
6:35 of 1st period - Cole Schwindt wins face-off versus Seth Griffith in Devils zone.
6:47 of 1st period - Icing by Matt Luff.
6:48 of 1st period - Peter Abbandonato wins face-off versus Cole Schwindt in Devils zone.
6:55 of 1st period - Shot by Givani Smith.
6:55 of 1st period - Stopped by Joel Blomqvist without a rebound.
6:56 of 1st period - Seth Griffith wins face-off versus Mark Kastelic in Devils zone.
7:17 of 1st period - Calen Addison is hit by Jon Merrill and loses puck.
7:52 of 1st period - Shot by Cole Schwindt.
7:52 of 1st period - Shot Misses the Net.
8:22 of 1st period - Shot by Graeme Clarke.
8:22 of 1st period - Stopped by Joel Blomqvist without a rebound.
8:23 of 1st period - Alex Limoges wins face-off versus Peter Abbandonato in Devils zone.
8:30 of 1st period - Shot by Bobby Brink.
8:30 of 1st period - Shot Misses the Net.
9:40 of 1st period - Shot by Mark Kastelic.
9:40 of 1st period - Stopped by Alexei Kolosov without a rebound.
9:41 of 1st period - Cole Schwindt wins face-off versus Seth Griffith in Senators zone.
9:41 of 1st period - Cole Schwindt is hit by Dakota Mermis.
9:44 of 1st period - Adam Erne is hit by William Villeneuve and loses puck.
10:12 of 1st period - Shot by Seth Griffith.
10:12 of 1st period - Stopped by Joel Blomqvist with a rebound.
10:14 of 1st period - Shot by Seth Griffith.
10:14 of 1st period - Shot Blocked by Matt Luff.
10:47 of 1st period - Off-side.
10:48 of 1st period - Cal O'Reilly wins face-off versus Alex Limoges in neutral zone.
10:51 of 1st period - Calen Addison is hit by Milan Lucic and loses puck.
12:21 of 1st period - Shot by Givani Smith.
12:21 of 1st period - Stopped by Joel Blomqvist with a rebound.
12:34 of 1st period - Icing by Connor Carrick.
12:35 of 1st period - Graeme Clarke wins face-off versus Cole Schwindt in Devils zone.
13:11 of 1st period - Shot by Gerry Mayhew.
13:11 of 1st period - Stopped by Joel Blomqvist without a rebound.
13:11 of 1st period - Minor Penalty to Joel Blomqvist for Slashing.
13:12 of 1st period - Mark Kastelic wins face-off versus Seth Griffith in Devils zone.
13:29 of 1st period - Shot by Mathieu Olivier.
13:29 of 1st period - Shot Misses the Net.
13:31 of 1st period - Shot by Dakota Mermis.
13:31 of 1st period - Shot Misses the Net.
13:52 of 1st period - Christian Wolanin is hit by Mathieu Olivier and loses puck.
14:05 of 1st period - Shot by William Villeneuve.
14:05 of 1st period - Stopped by Joel Blomqvist with a rebound.
14:07 of 1st period - Shot by Peter Abbandonato.
14:07 of 1st period - Stopped by Joel Blomqvist without a rebound.
14:08 of 1st period - Peter Abbandonato wins face-off versus Nathan Smith in Devils zone.
14:09 of 1st period - Shot by Cameron Hebig.
14:09 of 1st period - Goal by Cameron Hebig - Devils : 0 - Senators : 1.
14:10 of 1st period - Alex Limoges wins face-off versus Peter Abbandonato in neutral zone.
14:15 of 1st period - Shot by Alex Limoges.
14:15 of 1st period - Stopped by Alexei Kolosov with a rebound.
14:35 of 1st period - Shot by Bobby Brink.
14:35 of 1st period - Deflect By Arshdeep Bains.
14:35 of 1st period - Stopped by Alexei Kolosov with a rebound.
15:27 of 1st period - Shot by Jon Merrill.
15:27 of 1st period - Shot Misses the Net.
15:29 of 1st period - Shot by Jon Merrill.
15:29 of 1st period - Shot Misses the Net.
15:31 of 1st period - Shot by Logan Day.
15:31 of 1st period - Stopped by Joel Blomqvist without a rebound.
15:32 of 1st period - Seth Griffith wins face-off versus Cole Schwindt in Devils zone.
15:45 of 1st period - Shot by Seth Griffith.
15:45 of 1st period - Shot Blocked by Connor Carrick.
15:47 of 1st period - Shot by Cameron Hebig.
15:47 of 1st period - Shot Blocked by Matt Luff.
16:12 of 1st period - Off-side.
16:13 of 1st period - Mark Kastelic wins face-off versus Tye Felhaber in neutral zone.
16:16 of 1st period - Shot by Calen Addison.
16:16 of 1st period - Stopped by Alexei Kolosov without a rebound.
16:17 of 1st period - Mark Kastelic wins face-off versus Tye Felhaber in Senators zone.
16:36 of 1st period - Shot by Tye Felhaber.
16:36 of 1st period - Shot Misses the Net.
16:51 of 1st period - Jakob Pelletier is hit by Jon Merrill and loses puck.
17:09 of 1st period - Icing by Jon Merrill.
17:10 of 1st period - Graeme Clarke wins face-off versus Alex Limoges in Senators zone.
17:10 of 1st period - Graeme Clarke is hit by Arshdeep Bains.
17:13 of 1st period - Icing by Tye Felhaber.
17:14 of 1st period - Graeme Clarke wins face-off versus Arshdeep Bains in Senators zone.
17:26 of 1st period - Off-side.
17:27 of 1st period - Seth Griffith wins face-off versus Zach Aston-Reese in neutral zone.
17:34 of 1st period - Shot by Mathieu Olivier.
17:34 of 1st period - Shot Misses the Net.
17:46 of 1st period - Shot by Seth Griffith.
17:46 of 1st period - Shot Misses the Net.
18:08 of 1st period - Christian Wolanin is hit by Mathieu Olivier and loses puck.
18:29 of 1st period - Shot by Peter Abbandonato.
18:29 of 1st period - Stopped by Joel Blomqvist with a rebound.
18:31 of 1st period - Shot by Riley Stillman.
18:31 of 1st period - Shot Misses the Net.
18:54 of 1st period - Shot by Bobby Brink.
18:54 of 1st period - Shot Blocked by Roland McKeown.
19:41 of 1st period - Shot by Mark Kastelic.
19:41 of 1st period - Shot Misses the Net.
Goals for this period are 0 for Devils vs 1 for Senators.
Shots for this period are 9 for Devils vs 15 for Senators.
2nd period
0:01 of 2nd period - Seth Griffith wins face-off versus Jimmy Huntington in neutral zone.
0:10 of 2nd period - Shot by Zach Aston-Reese.
0:10 of 2nd period - Shot Blocked by Mathieu Olivier.
0:30 of 2nd period - Shot by Zach Aston-Reese.
0:30 of 2nd period - Stopped by Alexei Kolosov without a rebound.
0:31 of 2nd period - Alex Limoges wins face-off versus Graeme Clarke in Senators zone.
0:31 of 2nd period - Alex Limoges is hit by Logan Day.
0:55 of 2nd period - Nick DeSimone is hit by Logan Day and loses puck.
1:31 of 2nd period - Connor Carrick is hit by Tyler Spezia and loses puck.
1:38 of 2nd period - Shot by Roland McKeown.
1:38 of 2nd period - Stopped by Joel Blomqvist without a rebound.
1:39 of 2nd period - Seth Griffith wins face-off versus Cole Schwindt in Devils zone.
1:46 of 2nd period - Seth Griffith is hit by Adam Erne.
1:53 of 2nd period - Seth Griffith is hit by Calen Addison and loses puck.
1:57 of 2nd period - Icing by Matt Luff.
1:58 of 2nd period - Cole Schwindt wins face-off versus Peter Abbandonato in Devils zone.
1:58 of 2nd period - Cole Schwindt is hit by Givani Smith.
2:07 of 2nd period - Minor Penalty to Adam Erne for High sticking.
2:08 of 2nd period - Seth Griffith wins face-off versus Mark Kastelic in Devils zone.
2:24 of 2nd period - Icing by Dakota Mermis.
2:25 of 2nd period - Mark Kastelic wins face-off versus Seth Griffith in Senators zone.
2:25 of 2nd period - Sebastian AhoD is hit by Dakota Mermis and loses puck.
2:29 of 2nd period - Icing by Mathieu Olivier.
2:30 of 2nd period - Seth Griffith wins face-off versus Mark Kastelic in Senators zone.
2:59 of 2nd period - Shot by Mathieu Olivier.
2:59 of 2nd period - Stopped by Joel Blomqvist without a rebound.
3:00 of 2nd period - Mark Kastelic wins face-off versus Peter Abbandonato in Devils zone.
3:00 of 2nd period - Mark Kastelic is hit by Givani Smith.
3:59 of 2nd period - Shot by Seth Griffith.
3:59 of 2nd period - Stopped by Joel Blomqvist with a rebound.
4:01 of 2nd period - Shot by Dakota Mermis.
4:01 of 2nd period - Shot Misses the Net.
4:03 of 2nd period - Shot by Gerry Mayhew.
4:03 of 2nd period - Shot Misses the Net.
4:05 of 2nd period - Shot by Graeme Clarke.
4:05 of 2nd period - Stopped by Joel Blomqvist without a rebound.
4:06 of 2nd period - Mark Kastelic wins face-off versus Seth Griffith in Devils zone.
4:19 of 2nd period - Shot by Matt Luff.
4:19 of 2nd period - Shot Misses the Net.
4:33 of 2nd period - Shot by Milan Lucic.
4:33 of 2nd period - Stopped by Joel Blomqvist without a rebound.
4:34 of 2nd period - Peter Abbandonato wins face-off versus Alex Limoges in Devils zone.
4:39 of 2nd period - Shot by Givani Smith.
4:39 of 2nd period - Shot Misses the Net.
5:01 of 2nd period - Shot by Peter Abbandonato.
5:01 of 2nd period - Shot Misses the Net.
5:17 of 2nd period - Dakota Mermis is hit by Alex Limoges and loses puck.
5:57 of 2nd period - Icing by Matt Luff.
5:58 of 2nd period - Seth Griffith wins face-off versus Jimmy Huntington in Devils zone.
6:05 of 2nd period - Shot by Seth Griffith.
6:05 of 2nd period - Deflect By Mathieu Olivier.
6:05 of 2nd period - Shot Misses the Net.
6:12 of 2nd period - Matt Luff is hit by Mathieu Olivier and loses puck.
6:18 of 2nd period - Mathieu Olivier beats up Zach Aston-Reese.
6:18 of 2nd period - Penalty to Mathieu Olivier for Fighting.
6:18 of 2nd period - Penalty to Zach Aston-Reese for Fighting.
6:19 of 2nd period - Mark Kastelic wins face-off versus Cal O'Reilly in Senators zone.
7:01 of 2nd period - Icing by Nick DeSimone.
7:02 of 2nd period - Mark Kastelic wins face-off versus Seth Griffith in Devils zone.
8:34 of 2nd period - Shot by Arshdeep Bains.
8:34 of 2nd period - Stopped by Alexei Kolosov without a rebound.
8:35 of 2nd period - Cal O'Reilly wins face-off versus Jakob Pelletier in Senators zone.
8:56 of 2nd period - Shot by Jakob Pelletier.
8:56 of 2nd period - Deflect By Mark Kastelic.
8:56 of 2nd period - Shot Misses the Net.
8:58 of 2nd period - Shot by Kale Clague.
8:58 of 2nd period - Shot Blocked by Logan Day.
9:00 of 2nd period - Shot by Jakob Pelletier.
9:00 of 2nd period - Stopped by Alexei Kolosov with a rebound.
9:02 of 2nd period - Shot by Nick DeSimone.
9:02 of 2nd period - Goal by Nick DeSimone - Devils : 1 - Senators : 1.
9:03 of 2nd period - Seth Griffith wins face-off versus Alex Limoges in neutral zone.
9:07 of 2nd period - Minor Penalty to Dakota Mermis for Delaying the game.
9:08 of 2nd period - Tye Felhaber wins face-off versus Alex Limoges in Senators zone.
9:29 of 2nd period - Minor Penalty to Logan Day for Roughing.
9:30 of 2nd period - Mark Kastelic wins face-off versus Greg McKegg in Senators zone.
9:45 of 2nd period - Shot by Mark Kastelic.
9:45 of 2nd period - Stopped by Alexei Kolosov with a rebound.
9:47 of 2nd period - Shot by Christian Wolanin.
9:47 of 2nd period - Shot Misses the Net.
9:49 of 2nd period - Shot by Adam Erne.
9:49 of 2nd period - Shot Misses the Net.
10:12 of 2nd period - Icing by Cole Schwindt.
10:13 of 2nd period - Alex Limoges wins face-off versus Cal O'Reilly in Devils zone.
10:20 of 2nd period - Cal O'Reilly is hit by Arshdeep Bains and loses puck.
11:12 of 2nd period - Shot by William Lockwood.
11:12 of 2nd period - Shot Misses the Net.
11:28 of 2nd period - Shot by Jakob Pelletier.
11:28 of 2nd period - Stopped by Alexei Kolosov with a rebound.
11:35 of 2nd period - Minor Penalty to Mathieu Olivier for Cross-checking.
11:36 of 2nd period - Greg McKegg wins face-off versus Alex Limoges in Senators zone.
11:44 of 2nd period - Icing by Christian Wolanin.
11:45 of 2nd period - Alex Limoges wins face-off versus Greg McKegg in Devils zone.
14:32 of 2nd period - Tyler Spezia is hit by Calen Addison and loses puck.
15:11 of 2nd period - Icing by Calen Addison.
15:12 of 2nd period - Alex Limoges wins face-off versus Gerry Mayhew in Devils zone.
15:33 of 2nd period - Shot by Graeme Clarke.
15:33 of 2nd period - Stopped by Joel Blomqvist without a rebound.
15:34 of 2nd period - Peter Abbandonato wins face-off versus Cole Schwindt in Devils zone.
15:59 of 2nd period - Shot by Dakota Mermis.
15:59 of 2nd period - Shot Misses the Net.
16:44 of 2nd period - Shot by Seth Griffith.
16:44 of 2nd period - Shot Blocked by Kale Clague.
17:02 of 2nd period - Tye Felhaber is hit by Kale Clague and loses puck.
17:09 of 2nd period - Shot by Gerry Mayhew.
17:09 of 2nd period - Shot Blocked by Kale Clague.
17:11 of 2nd period - Shot by Jon Merrill.
17:11 of 2nd period - Shot Misses the Net.
17:19 of 2nd period - Shot by Graeme Clarke.
17:19 of 2nd period - Stopped by Joel Blomqvist without a rebound.
17:20 of 2nd period - Cal O'Reilly wins face-off versus Alex Limoges in Devils zone.
19:31 of 2nd period - Shot by Gerry Mayhew.
19:31 of 2nd period - Shot Misses the Net.
Goals for this period are 1 for Devils vs 0 for Senators.
Shots for this period are 6 for Devils vs 7 for Senators.
3rd period
0:01 of 3rd period - Graeme Clarke wins face-off versus Jimmy Huntington in neutral zone.
0:34 of 3rd period - Shot by Matt Luff.
0:34 of 3rd period - Shot Misses the Net.
0:48 of 3rd period - Shot by Bobby Brink.
0:48 of 3rd period - Shot Blocked by William Villeneuve.
0:51 of 3rd period - Minor Penalty to William Villeneuve for Cross-checking.
0:52 of 3rd period - Greg McKegg wins face-off versus Alex Limoges in Senators zone.
0:52 of 3rd period - Greg McKegg is hit by Alex Limoges.
1:16 of 3rd period - Shot by Cole Schwindt.
1:16 of 3rd period - Stopped by Alexei Kolosov without a rebound.
1:17 of 3rd period - Mark Kastelic wins face-off versus Greg McKegg in Senators zone.
1:28 of 3rd period - Shot by Calen Addison.
1:28 of 3rd period - Shot Misses the Net.
1:30 of 3rd period - Shot by Sebastian AhoD.
1:30 of 3rd period - Stopped by Alexei Kolosov without a rebound.
1:31 of 3rd period - Alex Limoges wins face-off versus Cal O'Reilly in Senators zone.
2:06 of 3rd period - Shot by Cole Schwindt.
2:06 of 3rd period - Stopped by Alexei Kolosov without a rebound.
2:07 of 3rd period - Mark Kastelic wins face-off versus Greg McKegg in Senators zone.
2:07 of 3rd period - Calen Addison is hit by Logan Day and loses puck.
2:21 of 3rd period - Shot by Jakob Pelletier.
2:21 of 3rd period - Shot Misses the Net.
2:23 of 3rd period - Shot by Mark Kastelic.
2:23 of 3rd period - Stopped by Alexei Kolosov with a rebound.
3:04 of 3rd period - Minor Penalty to Zach Aston-Reese for High sticking.
3:05 of 3rd period - Alex Limoges wins face-off versus Peter Abbandonato in Devils zone.
3:24 of 3rd period - Shot by Peter Abbandonato.
3:24 of 3rd period - Stopped by Joel Blomqvist without a rebound.
3:25 of 3rd period - Seth Griffith wins face-off versus Arshdeep Bains in Devils zone.
5:01 of 3rd period - Shot by Graeme Clarke.
5:01 of 3rd period - Stopped by Joel Blomqvist with a rebound.
5:03 of 3rd period - Shot by Graeme Clarke.
5:03 of 3rd period - Stopped by Joel Blomqvist without a rebound.
5:04 of 3rd period - Cal O'Reilly wins face-off versus Jimmy Huntington in Devils zone.
5:06 of 3rd period - Milan Lucic is hit by Kale Clague and loses puck.
5:29 of 3rd period - Icing by Kale Clague.
5:30 of 3rd period - Seth Griffith wins face-off versus Jimmy Huntington in Devils zone.
5:45 of 3rd period - Shot by Mathieu Olivier.
5:45 of 3rd period - Stopped by Joel Blomqvist without a rebound.
5:46 of 3rd period - Alex Limoges wins face-off versus Peter Abbandonato in Devils zone.
5:46 of 3rd period - Alex Limoges is hit by Greg McKegg.
6:12 of 3rd period - Shot by Riley Stillman.
6:12 of 3rd period - Stopped by Joel Blomqvist without a rebound.
6:13 of 3rd period - Mark Kastelic wins face-off versus Graeme Clarke in Devils zone.
6:35 of 3rd period - Icing by Christian Wolanin.
6:36 of 3rd period - Mark Kastelic wins face-off versus Seth Griffith in Devils zone.
6:36 of 3rd period - Jakob Pelletier is hit by Mathieu Olivier and loses puck.
6:42 of 3rd period - Minor Penalty to Dakota Mermis for Delaying the game.
6:43 of 3rd period - Greg McKegg wins face-off versus Alex Limoges in Senators zone.
9:08 of 3rd period - Shot by Tye Felhaber.
9:08 of 3rd period - Stopped by Joel Blomqvist without a rebound.
9:09 of 3rd period - Alex Limoges wins face-off versus Peter Abbandonato in Devils zone.
9:11 of 3rd period - Bobby Brink is hit by Peter Abbandonato and loses puck.
10:02 of 3rd period - Shot by Zach Aston-Reese.
10:02 of 3rd period - Shot Misses the Net.
10:07 of 3rd period - Icing by Cal O'Reilly.
10:08 of 3rd period - Mark Kastelic wins face-off versus Cal O'Reilly in Senators zone.
10:38 of 3rd period - Shot by Jakob Pelletier.
10:38 of 3rd period - Shot Blocked by Jon Merrill.
10:59 of 3rd period - Mathieu Olivier and Matt Luff fight to a draw.
10:59 of 3rd period - Penalty to Mathieu Olivier for Fighting.
10:59 of 3rd period - Penalty to Matt Luff for Fighting.
11:00 of 3rd period - Seth Griffith wins face-off versus Cole Schwindt in Senators zone.
11:11 of 3rd period - Adam Erne is hit by Gerry Mayhew and loses puck.
11:20 of 3rd period - Shot by Cameron Hebig.
11:20 of 3rd period - Shot Blocked by Christian Wolanin.
11:28 of 3rd period - Shot by Gerry Mayhew.
11:28 of 3rd period - Shot Blocked by Connor Carrick.
11:30 of 3rd period - Shot by Riley Stillman.
11:30 of 3rd period - Shot Misses the Net.
11:32 of 3rd period - Shot by Gerry Mayhew.
11:32 of 3rd period - Goal by Gerry Mayhew - Devils : 1 - Senators : 2.
11:33 of 3rd period - Peter Abbandonato wins face-off versus Alex Limoges in neutral zone.
11:36 of 3rd period - Alex Limoges is hit by Givani Smith and loses puck.
12:54 of 3rd period - Nick DeSimone is hit by Gerry Mayhew and loses puck.
13:35 of 3rd period - Off-side.
13:36 of 3rd period - Cole Schwindt wins face-off versus Gerry Mayhew in neutral zone.
14:04 of 3rd period - Minor Penalty to Connor Carrick for Delaying the game.
14:05 of 3rd period - Mark Kastelic wins face-off versus Greg McKegg in Devils zone.
14:05 of 3rd period - Mark Kastelic is hit by Seth Griffith.
14:17 of 3rd period - Shot by Graeme Clarke.
14:17 of 3rd period - Shot Misses the Net.
14:21 of 3rd period - Shot by Dakota Mermis.
14:21 of 3rd period - Shot Misses the Net.
14:46 of 3rd period - Icing by Givani Smith.
14:47 of 3rd period - Alex Limoges wins face-off versus Peter Abbandonato in Senators zone.
15:14 of 3rd period - Shot by Givani Smith.
15:14 of 3rd period - Stopped by Joel Blomqvist with a rebound.
15:40 of 3rd period - Shot by Dakota Mermis.
15:40 of 3rd period - Shot Misses the Net.
15:42 of 3rd period - Shot by Seth Griffith.
15:42 of 3rd period - Shot Misses the Net.
15:44 of 3rd period - Shot by Seth Griffith.
15:44 of 3rd period - Deflect By Gerry Mayhew.
15:44 of 3rd period - Shot Blocked by Christian Wolanin.
15:46 of 3rd period - Shot by Dakota Mermis.
15:46 of 3rd period - Shot Misses the Net.
16:16 of 3rd period - Shot by Jimmy Huntington.
16:16 of 3rd period - Shot Misses the Net.
16:18 of 3rd period - Shot by Zach Aston-Reese.
16:18 of 3rd period - Shot Misses the Net.
16:20 of 3rd period - Shot by Kale Clague.
16:20 of 3rd period - Stopped by Alexei Kolosov without a rebound.
16:20 of 3rd period - Minor Penalty to Roland McKeown for Slashing.
16:21 of 3rd period - Alex Limoges wins face-off versus Cal O'Reilly in Senators zone.
16:36 of 3rd period - Shot by Alex Limoges.
16:36 of 3rd period - Stopped by Alexei Kolosov without a rebound.
16:37 of 3rd period - Alex Limoges wins face-off versus Greg McKegg in Senators zone.
16:57 of 3rd period - Shot by Connor Carrick.
16:57 of 3rd period - Shot Misses the Net.
17:37 of 3rd period - Shot by Jakob Pelletier.
17:37 of 3rd period - Shot Hit the Post.
17:39 of 3rd period - Shot by Calen Addison.
17:39 of 3rd period - Shot Misses the Net.
18:05 of 3rd period - Dakota Mermis is hit by Alex Limoges and loses puck.
18:48 of 3rd period - Shot by Mathieu Olivier.
18:48 of 3rd period - Goal by Mathieu Olivier - Devils : 1 - Senators : 3.
18:49 of 3rd period - Mark Kastelic wins face-off versus Graeme Clarke in neutral zone.
19:00 of 3rd period - Shot by Jakob Pelletier.
19:00 of 3rd period - Stopped by Alexei Kolosov without a rebound.
19:01 of 3rd period - Cal O'Reilly wins face-off versus Cole Schwindt in Senators zone.
19:07 of 3rd period - Dakota Mermis is hit by Christian Wolanin and loses puck.
19:19 of 3rd period - Off-side.
19:20 of 3rd period - Graeme Clarke wins face-off versus Mark Kastelic in neutral zone.
19:27 of 3rd period - Calen Addison is hit by Gerry Mayhew and loses puck.
19:38 of 3rd period - Shot by Jakob Pelletier.
19:38 of 3rd period - Stopped by Alexei Kolosov without a rebound.
19:39 of 3rd period - Alex Limoges wins face-off versus Peter Abbandonato in Senators zone.
Goals for this period are 0 for Devils vs 2 for Senators.
Shots for this period are 8 for Devils vs 9 for Senators.
Back to the Top